 Dungeon Crawl Stone Soup version 0.31-a0-636-ge1c0e020e0 (webtiles) character file.

Game seed: 14988914587003635464

478 rvierbuc the Shooter (level 6, 0/47 HPs)
             Began as a Demonspawn Hunter on Aug 27, 2023.
             Succumbed to a scorpion's poison
             ... on level 5 of the Dungeon.
             The game lasted 00:17:27 (2732 turns).

rvierbuc the Shooter (Demonspawn Hunter)            Turns: 2732, Time: 00:17:27

Health: 0/47       AC:  5    Str: 12    XL:     6   Next: 85%
Magic:  15/15      EV: 12    Int: 10    God:
Gold:   159        SH:  0    Dex: 16    Spells: 5/5 levels left

rFire   + . .        d - +2 short sword (speed)
rCold   + + +        (no shield)
rNeg    . . .        t - +2 leather armour of the Byakko {rC+++ MP+9 Dex-2}
rPois   .            (no helmet)
rElec   .            (no cloak)
rCorr   .            (no gloves)
SInv    .            (no boots)
Will    .....        h - amulet of the acrobat
Stlth   ++           g - ring of protection from fire
HPRegen 0.27/turn    (no ring)
MPRegen 0.14/turn

%: acrobat
@: lethally poisoned (0 -> -15), invisible
A: claws 1, weakness stinger 1
a: no special abilities


You were on level 5 of the Dungeon.
You visited 1 branch of the dungeon, and saw 5 of its levels.

You collected 159 gold pieces.

Inventory:

Hand Weapons
 a - a +0 shortbow
 d - a +2 short sword of speed (weapon)
Armour
 c - a +0 leather armour
 n - the orb of the Durable Turtle {*Rage, Dex+2}
   (You found it on level 2 of the Dungeon)

   Dex+2:     It affects your dexterity (+2).
 t - the +2 leather armour of the Byakko (worn) {rC+++ MP+9 Dex-2}
   (You found it on level 4 of the Dungeon)

   Dex-2:     It affects your dexterity (-2).
   rC+++:     It renders you almost immune to cold.
   MP+9:      It affects your magic capacity (+9).
Jewellery
 g - a ring of protection from fire (left claw)
 h - an amulet of the acrobat (around neck)
Wands
 u - a wand of flame (5)
Scrolls
 b - a scroll of butterflies
 e - a scroll of fog {unknown}
 i - a scroll of poison {unknown}
 k - a scroll of enchant armour {unknown}
 o - 2 scrolls of teleportation {unknown}
 q - a scroll of identify {unknown}
 r - a scroll of noise {unknown}
 s - a scroll of silence {unknown}
 v - a scroll of blinking {unknown}
Potions
 j - a potion of mutation {unknown}
 p - a potion of haste {unknown}


   Skills:
 + Level 3.1 Fighting
 + Level 0.7 Short Blades
 + Level 6.6 Ranged Weapons
 + Level 1.7 Armour
 + Level 2.2 Dodging
 + Level 0.9 Stealth
 + Level 0.1 Evocations


You had 5 spell levels left.
You didn't know any spells.
Your spell library contained the following spells:

 Spells                   Type           Power      Damage    Failure   Level
 Static Discharge         Conj/Air       0%         2-2/arc   58%         2
 Airstrike                Air            0%         2d(0-16)  99%         4
 Summon Lightning Spire   Summ/Air       0%         N/A       99%         4


Dungeon Overview and Level Annotations

Branches:
Dungeon (5/15)
 Temple: D:4-7

Altars:
Makhleb
Qazlal
Ru
Uskayaw
Vehumet


Innate Abilities, Weirdness & Mutations

You have sharp fingernails.
You have a small tail.


Message History

The puff of flame hits the scorpion.
The scorpion is severely wounded.
You feel very sick. The scorpion stings you.
Aiming: Throw Flame
Press: ? - help, Shift-Dir - straight line The puff of flame misses the scorpion.
The puff of flame hits the white imp.
The white imp is burned terribly!
The white imp is almost dead.
You feel sick. The scorpion stings you.
Aiming: Throw Flame
Press: ? - help, Shift-Dir - straight line The puff of flame hits the scorpion.
The scorpion is severely wounded.
You feel sick. The scorpion stings you.
You are more poisoned.
The scorpion poisons you! The scorpion barely misses you.
Aiming: Throw Flame
Press: ? - help, Shift-Dir - straight line The puff of flame misses the scorpion.
The puff of flame hits the white imp!
The white imp is burned terribly!
You kill the white imp!
* * * LOW HITPOINT WARNING * * *
You feel very sick. The scorpion stings you.
* * * LOW HITPOINT WARNING * * *
You are more poisoned.
The scorpion poisons you!
It was a potion of invisibility.
You fade into invisibility!
* * * LOW HITPOINT WARNING * * *
You feel very sick. The scorpion stings you.
* * * LOW HITPOINT WARNING * * *
Okay, then.
Aiming: Throw Flame
Press: ? - help, Shift-Dir - straight line The puff of flame hits the scorpion.
The scorpion is almost dead.
You die...

#........<.###
.#.............
...............
.#..#.#........
#..#.#..##.###
#........##.#
........?...#
##.#..##s#...#
.. #..
#@#......
#.....# ..###
#.#.### .#>.
#.#. #.## . #
.# #. #


You could see a scorpion (unable to see you).

Vanquished Creatures
  A centaur (D:4)
  An ogre (D:4)
  A phantom (D:4)
  A scorpion (D:5)
  A howler monkey (D:4)
  Robin (D:3)
  5 adders
  A white imp (D:5)
  2 worms
  2 dart slugs
  5 bats
  4 endoplasms
  3 giant cockroaches
  17 goblins
  10 hobgoblins
  3 jackals (D:1)
  A quokka (D:2)
  3 ball pythons
  A frilled lizard (D:1)
  10 kobolds
  4 rats
77 creatures vanquished.

Notes
Turn   | Place    | Note
-------+----------+-------------------------------------------
     0 | D:1      | rvierbuc the Demonspawn Hunter began the quest for the Orb.
     0 | D:1      | Reached XP level 1. HP: 16/16 MP: 1/1
   141 | D:1      | Reached skill level 4 in Ranged Weapons
   142 | D:1      | Discovered your monstrous ancestry.
   142 | D:1      | Gained mutation: You have sharp fingernails. [demonic
                  | ancestry]
   142 | D:1      | Reached XP level 2. HP: 22/22 MP: 2/2
   600 | D:2      | Gained mutation: You have a small tail. [demonic ancestry]
   600 | D:2      | Reached XP level 3. HP: 20/27 MP: 3/3
   788 | D:2      | Identified the orb of the Durable Turtle {*Rage, Dex+2}
   869 | D:2      | Found a sacrificial altar of Ru.
  1328 | D:3      | Noticed Robin
  1329 | D:3      | Reached XP level 4. HP: 34/34 MP: 4/4
  1366 | D:4      | Reached skill level 5 in Ranged Weapons
  1425 | D:3      | Killed Robin
  1512 | D:3      | Found a stormy altar of Qazlal.
  1582 | D:3      | Found a hide-covered altar of Uskayaw.
  1836 | D:3      | Found a burning altar of Makhleb.
  1836 | D:3      | Noticed an Executioner
  1839 | D:3      | Noticed an orange demon
  1839 | D:3      | Noticed a ynoxinul
  1865 | D:3      | Found a radiant altar of Vehumet.
  2180 | D:4      | Reached XP level 5. HP: 38/39 MP: 5/5
  2209 | D:4      | Identified the +2 leather armour of the Byakko {rC+++ MP+9
                  | Dex-2}
  2335 | D:4      | Noticed a phantom
  2346 | D:4      | Killed a phantom
  2347 | D:4      | Reached skill level 1 in Armour
  2349 | D:4      | Noticed a centaur
  2384 | D:4      | Killed a centaur
  2385 | D:4      | Reached skill level 6 in Ranged Weapons
  2385 | D:4      | Reached XP level 6. HP: 3/46 MP: 6/6
  2678 | D:5      | Entered Level 5 of the Dungeon
  2732 | D:5      | Succumbed to a scorpion's poison

Illustrated notes

Levels and vault maps discovered:
D:1:      minmay_arrival_cross, layout_basic
D:2:      layout_basic, basic_altar, chequers_serial_rivers_large_b
D:3:      minmay_chambers_of_twos, layout_loops_ring,
          mainiacjoe_overflow_alcove_4, mainiacjoe_overflow_tiny_flanked,
          eat_drink_and_be_merry_uskayaw, makhleb_altar_promises_db, uniq_robin
D:4:      nicolae_cairo_tiling_very_big, layout_cave_pools,
          nicolae_hepliaklqana_hippocampus, serial_rivers,
          chequers_serial_rivers_large_a, chequers_serial_rivers_micro_b,
          chequers_serial_rivers_small_b, chequers_serial_rivers_micro_d
D:5:      layout_loops_cross, nicolae_elyvilon_peaceful_grove,
          mainiacjoe_overflow_cross_hatched, nicolae_ru_sacrificial_ziggurat,
          enter_ossuary_1, ebering_ghost_rock_garden, minivault_27,
          minmay_checkerbox

Skill      XL: |  1  2  3  4  5  6 |
---------------+-------------------+-----
Ranged Weapons | 4 5 6 |  6.6
Armour         | 1 |  1.7
Dodging        | 2 |  2.2
Fighting       | 3 |  3.1
Short Blades   | |  0.7
Stealth        | |  0.9
Evocations     | |  0.1

Action                     |  1- 3 |  4- 6 || total
---------------------------+-------+-------++-------
  Melee: Short sword       |       |    67 ||    67
         Tailslap          |       |     7 ||     7
         Punch             |       |     1 ||     1
   Fire: Shortbow          |    87 |   127 ||   214
  Evoke: Wand              |       |     5 ||     5
    Use: Potion            |       |     6 ||     6
 Armour: Leather armour    |    10 |    52 ||    62
  Dodge: Dodged            |    17 |    97 ||   114

Table legend: (Time is in decaauts)
 A = Elapsed time spent in this place.
 B = Non-inter-level travel time spent in this place.
 C = Inter-level travel time spent in this place.
 D = Time resting spent in this place.
 E = Time spent auto-exploring this place.
 F = Levels seen in this place.
 G = Mean time per level.
                   A        B        C        D        E       F      G
               +--------+--------+--------+--------+--------+-----+--------+
         Total |   2783 |   2715 |     68 |     76 |   2115 |   5 |  556.6 |
       Dungeon |   2783 |   2715 |     68 |     76 |   2115 |   5 |  556.6 |
               +--------+--------+--------+--------+--------+-----+--------+

Top non-repeatable levels by time:
     D:3: 869 daAuts
     D:2: 662 daAuts
     D:4: 613 daAuts
     D:1: 596 daAuts
     D:5: 41 daAuts
